 Dungeon Crawl Stone Soup version 0.24-a0-271-ga0fc33f (webtiles) character file.

Game seed: 9002447959996879341

2068 MisterFreud the Carver (level 9, -2/55 HPs)
             Began as an Octopode Gladiator on Apr 24, 2019.
             Killed from afar by an orc wizard (5 damage)
             ... with a puff of flame
             ... on level 7 of the Dungeon.
             The game lasted 00:10:43 (7571 turns).

MisterFreud the Carver (Octopode Gladiator)         Turns: 7571, Time: 00:10:44

Health: -2/55      AC:  1    Str: 13    XL:     9   Next: 26%
Magic:  6/6        EV: 16    Int: 14    God:
Gold:   495        SH:  0    Dex: 13    Spells: 8/8 levels left

rFire    + . .     SeeInvis .   L - +1 long sword (antimagic)
rCold    . . .     Gourm    .   (no shield)
rNeg     . . .     Faith    .   b - +0 hat
rPois    .         Spirit   .   (no amulet)
rElec    .         Reflect  .   i - ring of resist corrosion
rCorr    +         Harm     .   B - ring of protection from fire
MR       .....                  C - ring of magical power
Stlth    ++++......             (no ring)
HPRegen  0.18/turn              (no ring)
MPRegen  0.10/turn              (no ring)
                                (no ring)
                                (no ring)

@: no status effects
A: almost no armour, stealthy swim, amphibious, 8 rings, constrict 8, camouflage
1, gelatinous body 1
a: no special abilities


You were on level 7 of the Dungeon.
You were not hungry.

You visited 1 branch of the dungeon, and saw 7 of its levels.

You collected 495 gold pieces.

Inventory:

Hand Weapons
 a - a +0 long sword
 L - a +1 antimagic long sword (weapon)
Missiles
 c - 6 throwing nets (quivered)
 f - 82 poisoned needles
 k - 207 stones
 m - 61 arrows
 r - 37 sling bullets
 s - 8 javelins
 G - 22 bolts
 K - 4 needles of confusion
Armour
 b - a +0 hat (worn)
Jewellery
 i - a ring of resist corrosion (left tentacle)
 B - a ring of protection from fire (right tentacle)
 C - a ring of magical power (on tentacle)
Wands
 n - a wand of polymorph (4)
 J - a wand of enslavement (9)
Scrolls
 e - a scroll of amnesia
 h - 3 scrolls of teleportation
 l - a scroll of immolation
 o - 2 scrolls of magic mapping
 p - a scroll of fog
 t - 6 scrolls of remove curse
 w - a scroll of random uselessness {unknown}
 x - a scroll of blinking {unknown}
 y - a scroll of enchant armour {unknown}
 F - a scroll of fear {unknown}
 H - 4 scrolls of identify
Potions
 g - a potion of lignification
 j - a potion of heal wounds {unknown}
 q - 2 potions of curing
 u - 2 potions of might
 v - a potion of mutation
 z - a potion of magic {unknown}
 A - a potion of resistance
 D - a potion of brilliance
 E - a potion of agility {unknown}
Comestibles
 d - 11 rations
 I - 6 chunks of flesh


   Skills:
 + Level 2.4 Fighting
 - Level 10.0 Long Blades
 - Level 2.0 Throwing
 - Level 6.1 Dodging
 - Level 6.0 Stealth


You had 8 spell levels left.
You didn't know any spells.
Your spell library was empty.

Dungeon Overview and Level Annotations

Branches:
Dungeon (7/15)
 Temple: D:4-7

Altars:
Okawaru
Vehumet
Yredelemnul
The Shining One


Innate Abilities, Weirdness & Mutations

You cannot wear most types of armour.
You are very stealthy in the water. (Stealth+)
You are amphibious.
You can wear up to eight rings at the same time.
You can use your tentacles to constrict eight enemies at once.
Your skin changes colour to match your surroundings (Stealth+).
Your rubbery body absorbs attacks. (AC +1, EV +1)


Message History

* * * LOW HITPOINT WARNING * * *
You barely miss something. Something barely misses you. Something hits you.
* * * LOW HITPOINT WARNING * * *
You hit something but do no damage. Something hits you.
* * * LOW HITPOINT WARNING * * *
You feel better. Something barely misses you. Something hits you.
* * * LOW HITPOINT WARNING * * *
You closely miss something. Your squeeze misses something.
You hear some strange, mumbled words.
A puff of flame appears from out of thin air!
The puff of flame hits you. You resist.
* * * LOW HITPOINT WARNING * * *
You hit something. Something hits you.
* * * LOW HITPOINT WARNING * * *
You barely miss something. Your squeeze misses something.
Something hits you but does no damage.
You hear some strange, mumbled words.
A puff of flame appears from out of thin air!
The puff of flame hits you. You resist.
You die...

#.........#
#.........#.# .#
#.........#.##.#
#........$#....#
#............###
#.............#
#)........#
#){.......####..
#@............$.
# #..........#
#.#..........#
###.#)######..##
#............##
#......รท..####
#.........#
#####.#..##
#.##.######


There were no monsters in sight!

Vanquished Creatures
  2 ice beasts (D:6)
  An ogre (D:6)
  2 centaurs
  2 bullfrogs (D:7)
  A water moccasin zombie (D:5)
  3 scorpions
  2 howler monkeys
  2 crimson imps
  2 jellies (D:2)
  An orc priest (D:6)
  Crazy Yiuf (D:5)
  4 hounds
  2 bullfrog skeletons
  4 iguanas
  3 orc wizards
  7 worker ants
  Natasha (D:4)
  A hound zombie (D:6)
  A howler monkey skeleton (D:5)
  14 gnolls
  15 adders
  A white imp (D:4)
  9 oozes (D:2)
  An adder skeleton (D:5)
  2 worms
  9 dart slugs
  2 leopard geckos
  11 orcs
  6 giant cockroaches
  9 goblins
  8 hobgoblins
  12 jackals
  2 quokkas
  2 ball pythons
  5 bats
  6 frilled lizards
  A goblin skeleton (D:4)
  2 goblin zombies (D:4)
  4 hobgoblin zombies (D:4)
  15 kobolds
  A kobold skeleton (D:4)
  A kobold zombie (D:4)
  An orc skeleton (D:4)
  2 orc zombies (D:4)
  A quokka skeleton (D:5)
  3 rats
187 creatures vanquished.

Vanquished Creatures (others)
  12 toadstools
12 creatures vanquished.

Grand Total: 199 creatures vanquished

Notes
Turn   | Place    | Note
-------+----------+-------------------------------------------
     0 | D:1      | MisterFreud the Octopode Gladiator began the quest for the
                  | Orb.
     0 | D:1      | Reached XP level 1. HP: 14/14 MP: 1/1
   272 | D:1      | Reached XP level 2. HP: 18/19 MP: 2/2
   482 | D:1      | Reached skill level 4 in Long Blades
   493 | D:1      | Reached XP level 3. HP: 23/24 MP: 3/3
   885 | D:2      | Found a basalt altar of Yredelemnul.
   941 | D:2      | Found a radiant altar of Vehumet.
   982 | D:2      | Reached XP level 4. HP: 26/29 MP: 4/4
  1155 | D:2      | Reached skill level 5 in Long Blades
  1531 | D:2      | Reached XP level 5. HP: 34/34 MP: 5/5
  1582 | D:2      | Reached skill level 6 in Long Blades
  1945 | D:2      | Reached XP level 6. HP: 39/39 MP: 6/6
  3000 | D:3      | Reached skill level 5 in Dodging
  3381 | D:4      | Found a glowing golden altar of the Shining One.
  3388 | D:4      | Reached XP level 7. HP: 29/45 MP: 7/7
  3487 | D:4      | Noticed Grinder
  3488 | D:4      | Paralysed by Grinder for 5 turns
  3493 | D:4      | Noticed Grinder
  3493 | D:4      | Grinder changed into Grinder the crimson imp
  3497 | D:4      | Killed Grinder the crimson imp
  3660 | D:4      | Found an iron altar of Okawaru.
  4135 | D:4      | Noticed Natasha
  4139 | D:4      | Killed Natasha
  4203 | D:5      | Entered Level 5 of the Dungeon
  4222 | D:5      | Reached skill level 5 in Stealth
  4296 | D:5      | Reached XP level 8. HP: 40/50 MP: 8/8
  4990 | D:5      | Found a runed translucent door.
  4991 | D:5      | Noticed Crazy Yiuf
  4998 | D:5      | Killed Crazy Yiuf
  4998 | D:5      | Reached skill level 7 in Long Blades
  5527 | D:6      | Reached skill level 8 in Long Blades
  6314 | D:6      | Reached skill level 9 in Long Blades
  6359 | D:6      | Reached XP level 9. HP: 9/54 MP: 9/9
  7466 | D:7      | Reached skill level 10 in Long Blades
  7567 | D:7      | HP: 2/55 [something (3)]
  7571 | D:7      | Killed from afar by an orc wizard

Levels and vault maps discovered:
D:1:      minmay_arrival_four_loops, layout_basic
D:2:      cheibrodos_fertilizer, layout_loops_ring, yredelemnul_altar_generic,
          vehumet_crystals, first_ration, minmay_heptomino_w4
D:3:      layout_loops_cross
D:4:      layout_gridville, nicolae_tso_besieged_by_evil,
          minmay_gold_behind_fungi, okawaru_gym_becter, uniq_natasha,
          uniq_grinder
D:5:      layout_basic, uniq_crazy_yiuf_cottage
D:6:      layout_gridville
D:7:      layout_rooms, minmay_temple_entry_enclosed_plants

Skill      XL: |  1  2  3  4  5  6  7  8  9 |
---------------+----------------------------+-----
Long Blades    | 4 5 6 9 10 | 10.0
Dodging        | 5 6 |  6.1
Stealth        | 6 |  6.0
Fighting       | |  2.4
Throwing       | |  2.0

Action                   |  1- 3 |  4- 6 |  7- 9 || total
-------------------------+-------+-------+-------++-------
Melee: Long sword        |    42 |   149 |   212 ||   403
       Constrict         |    18 |    45 |    53 ||   116
       Tentacles         |    14 |    38 |    61 ||   113
Evoke: Wand              |       |       |     2 ||     2
  Use: Scroll            |       |       |    12 ||    12
       Potion            |       |       |     2 ||     2
 Stab: Sleeping          |     5 |    12 |    10 ||    27
       Distracted        |       |       |     2 ||     2
  Eat: Chunk             |       |     8 |    13 ||    21
Armor: Skin              |     4 |     7 |     4 ||    15
Dodge: Dodged            |    27 |   107 |   121 ||   255
       Rpst.: Long sword |     8 |    36 |    43 ||    87

Table legend:
 A = Non-vault XP
 B = Vault XP
 C = Vault XP percentage of total XP
 D = Non-vault monster count
 E = Vault monster count
 F = Vault count percentage of total count
                 A         B        C        D         E       F
            +---------+---------+-------+---------+---------+-------
      Total |    2612 |     343 |  11.6 |     145 |      42 |  22.5
            +---------+---------+-------+---------+---------+-------
        D:1 |      37 |       0 |   0.0 |      18 |       0 |   0.0
        D:2 |      99 |     196 |  66.4 |      26 |      26 |  50.0
        D:3 |     231 |       0 |   0.0 |      33 |       0 |   0.0
        D:4 |     366 |     107 |  22.6 |      10 |      15 |  60.0
        D:5 |     494 |      40 |   7.5 |      24 |       1 |   4.0
        D:6 |     958 |       0 |   0.0 |      24 |       0 |   0.0
        D:7 |     427 |       0 |   0.0 |      10 |       0 |   0.0
            +---------+---------+-------+---------+---------+-------
